 Dungeon Crawl Stone Soup version 0.29.1-2-gbd0b4ee654 (webtiles) character file.

Game seed: 15344413360561953204

42 GorkyZ the Chucker (level 3, 0/35 HPs)
             Began as a Troll Brigand on Nov 18, 2022.
             Slain by a goblin
             ... wielding a +0 dagger
             ... led by Robin
              (3 damage)
             ... on level 2 of the Dungeon.
             The game lasted 00:03:58 (761 turns).

GorkyZ the Chucker (Troll Brigand)                   Turns: 761, Time: 00:03:59

Health: 0/35       AC:  5    Str: 19    XL:     3   Next: 33%
Magic:  2/2        EV: 10    Int:  7    God:
Gold:   73         SH:  0    Dex: 13    Spells: 2/2 levels left

rFire   . . .      SeeInvis .   a - +2 dagger
rCold   . . .      Faith    .   (no shield)
rNeg    . . .      Spirit   .   b - +0 robe
rPois   .          Reflect  .   (helmet restricted)
rElec   .          Harm     .   c - +0 cloak
rCorr   .          Rampage  .   (gloves unavailable)
Will    .....                   (boots unavailable)
Stlth   ++........              (no amulet)
HPRegen 0.91/turn               (no ring)
MPRegen 0.08/turn               (no ring)

@: no status effects
A: large, unfitting armour, claws 3, regeneration 1, shaggy fur 1, tough skin 1
a: no special abilities


You were on level 2 of the Dungeon.
You visited 1 branch of the dungeon, and saw 2 of its levels.

You collected 73 gold pieces.

Inventory:

Hand Weapons
 a - a +2 dagger (weapon)
 f - a +0 sling
Missiles
 d - 8 poisoned darts (quivered)
 e - 3 curare-tipped darts
Armour
 b - a +0 robe (worn)
 c - a +0 cloak (worn)
Jewellery
 n - a ring of willpower
Scrolls
 h - 2 scrolls of magic mapping {unknown}
 j - a scroll of teleportation {unknown}
 q - a scroll of amnesia {unknown}
Potions
 g - a potion of invisibility {unknown}
 i - a potion of lignification {unknown}
 k - a potion of haste {unknown}
 l - a potion of flight {unknown}
 m - 2 potions of curing {unknown}
 o - a potion of resistance {unknown}
 p - 2 potions of attraction {unknown}


   Skills:
 + Level 2.0 Fighting
 + Level 2.0 Short Blades
 + Level 2.3 Throwing
 + Level 1.4 Dodging
 - Level 2.1 Stealth


You had 2 spell levels left.
You didn't know any spells.
Your spell library was empty.

Dungeon Overview and Level Annotations

Branches:
Dungeon (2/15)

Altars:

Annotations:
D:2 Robin


Innate Abilities, Weirdness & Mutations

You are too large for most types of armour.
You have claws for hands.
Your natural rate of healing is unusually fast.
You are covered in fur. (AC +1)
You have tough skin. (AC +1)


Message History

The goblin hits you with a +0 dagger. The goblin hits you but does no damage.
The hobgoblin hits you.
You hit the hobgoblin.
The hobgoblin is heavily wounded.
The goblin hits you with a +0 dagger. The goblin hits you but does no damage.
The hobgoblin barely misses you.
You hit the hobgoblin.
You kill the hobgoblin!
The goblin misses you. The goblin hits you with a +0 dagger.
You hit Robin but do no damage. The goblin closely misses you.
You hit Robin but do no damage. The goblin barely misses you.
Robin hits you with a +0 short sword.
* * * LOW HITPOINT WARNING * * *
The goblin hits you but does no damage.
You hit Robin.
Robin is lightly wounded.
The goblin hits you but does no damage. Robin barely misses you.
The goblin closely misses you.
You barely miss Robin.
Robin is lightly wounded.
Robin hits you but does no damage. The goblin hits you with a +0 dagger.
* * * LOW HITPOINT WARNING * * *
The goblin barely misses you.
You closely miss Robin.
Robin is lightly wounded.
Robin completely misses you. The goblin hits you with a +0 dagger.
* * * LOW HITPOINT WARNING * * *
The goblin barely misses you.
You completely miss Robin.
Robin is lightly wounded.
The goblin barely misses you. Robin barely misses you.
The goblin barely misses you.
You hit Robin but do no damage. You claw Robin, but do no damage.
Robin is lightly wounded.
The goblin barely misses you. Robin hits you with a +0 short sword.
* * * LOW HITPOINT WARNING * * *
You barely miss Robin. The goblin hits you with a +0 dagger.
* * * LOW HITPOINT WARNING * * *
The goblin hits you with a +0 dagger.
You die...

#.......#.. #..
#.###.#.### #..
#.# #... #.#
##... #.#######
......+........
..$...#)#.....#
......†gg.....#
..l..##@#.....#
.... #g#.....#
### ..# #####
..## ... ....
..... #..##.


You could see Robin (strong) and 2 goblins.

Vanquished Creatures
  A dart slug (D:1)
  2 ball pythons (D:1)
  2 endoplasms (D:1)
  A giant cockroach (D:1)
  9 goblins
  9 hobgoblins
  A quokka (D:1)
  2 bats (D:1)
  2 frilled lizards
  2 kobolds (D:1)
  2 rats (D:1)
33 creatures vanquished.

Notes
Turn   | Place    | Note
-------+----------+-------------------------------------------
     0 | D:1      | GorkyZ the Troll Brigand began the quest for the Orb.
     0 | D:1      | Reached XP level 1. HP: 19/19 MP: 0/0
   157 | D:1      | Reached skill level 1 in Dodging
   197 | D:1      | Reached XP level 2. HP: 28/28 MP: 1/1
   713 | D:2      | Noticed Robin
   718 | D:2      | Reached XP level 3. HP: 33/35 MP: 2/2
   761 | D:2      | Slain by a goblin

Illustrated notes

Levels and vault maps discovered:
D:1:      amcnicky_arrival_feature_with_door, layout_rooms
D:2:      layout_basic, st_stairs_12, uniq_robin

Skill      XL: |  1  2 |
---------------+-------+-----
Dodging        | 1 |  1.4
Throwing       | 2 |  2.3
Short Blades   | 2 |  2.0
Fighting       | 2 |  2.0
Stealth        | |  2.1

Action                   || total
-------------------------++-------
Melee: Dagger            ||   126
       Punch             ||     1
Throw: Dart              ||     6
 Stab: Sleeping          ||     3
Armor: Robe              ||    59
Dodge: Dodged            ||    64
